[Event "*** Titled Tuesday Blitz"]
[Site "Chess.com"]
[Date "2020.04.21"]
[Round "9"]
[White "VALPARAISO37"]
[Black "Kaua18"]
[Result "0-1"]
[WhiteElo "2332"]
[BlackElo "2236"]
[TimeControl "180+1"]
[EndTime "11:50:01 PDT"]
[Termination "Kaua18 won by checkmate"]

1. d4 Nf6 2. c4 e6 3. Nc3 Bb4 4. a3 Bxc3+ 5. bxc3 c5 6. e3 O-O 7. Bd3 Nc6 8. Ne2 b6 9. Ng3 Ba6 10. O-O Na5 11. Qe2 Rc8 12. d5 Qe7 13. e4 Ne8 14.
e5 exd5 15. cxd5 Bxd3 16. Qxd3 Qxe5 17. f4 Qd6 18. Nf5 Qf6 19. Rb1 c4 20. Qe4 Nd6 21. Nxd6 Qxd6 22. f5 Rfe8 23. Qf3 Qf6 24. g4 Qe5 25.
Bf4 Qe2 26. g5 Qxf3 27. Rxf3 Re2 28. h4 Rce8 29. h5 Ra2 30. g6 Rxa3 31. Bg5 f6 32. Bf4 Ra2 33. Rbf1 Nb3 34. R3f2 Ree2 35. Rxe2 Rxe2 36.
Rd1 Nc5 37. Bd6 Ne4 38. Bh2 Nxc3 39. Ra1 a5 40. Rc1 Re3 41. Kf2 Rd3 42. Re1 hxg6 43.
hxg6 Nd1+ 44. Kg1 Ne3 45. Bf4 Rd1 46. Kf2 Rxe1 47. Kxe1 Ng2+ 48. Kd2 Nxf4 49. Kc3 b5 50. Kd4 a4 51. d6 a3 52. Kc3 Nd5+ 53. Kc2 b4 54. Kb1 b3 55. Ka1 c3 56. Kb1 Kf8 57.
Ka1 Ke8 58. Kb1 Kd8 59. Ka1 Nb4 60. Kb1 a2+ 61. Kc1 a1=Q# 0-1

[Event "*** Titled Tuesday Blitz"]
[Site "Chess.com"]
[Date "2020.04.21"]
[Round "9"]
[White "IAgrest"]
[Black "CalinGheorghiu"]
[Result "1/2-1/2"]
[WhiteElo "2260"]
[BlackElo "2442"]
[TimeControl "180+1"]
[EndTime "11:50:01 PDT"]
[Termination "Game drawn by repetition"]

1. e4 e6 2. d4 d5 3. Nc3 Nf6 4. Bg5 Be7 5. e5 Nfd7 6. h4 c5 7. Nb5 f6 8. Bf4 fxe5 9. dxe5 O-O 10. Bg3 Nc6 11. Nf3 a6 12. Nd6 Bxd6 13. exd6 Nf6 14. Bd3 e5 15. Nxe5 Re8 16. f4 Bg4 17. Be2 Bxe2 18. Qxe2 Nd4 19. Qd3 Qxd6 20. O-O-O Ne4 21. Be1 Rad8 22. h5 Ne6 23. g3 c4 24. Qf3 c3 25.
Bxc3 Nxc3 26. Qxc3 d4 27. Qb3 a5 28. Kb1 b5 29. h6 g6 30. Rhe1 a4 31. Qxb5 Rb8 32.
Qc4 Qa3 33. b3 axb3 34. cxb3 Ra8 35. Re2 Ra5 36. Nc6 Rc5 37. Rxe6 Rxc4 38. Rxe8+ Kf7 39.
Rc8 Rc3 40. Re1 Rxb3+ 41. axb3 Qxb3+ 42. Kc1 Qc3+ 43. Kd1 Qd3+ 44. Kc1 Qc3+ 45. Kd1 Qd3+ 46. Kc1 Qc3+ 1/2-1/2

[Event "*** Titled Tuesday Blitz"]
[Site "Chess.com"]
[Date "2020.04.21"]
[Round "9"]
[White "Quiet_Desperation"]
[Black "albi1999"]
[Result "0-1"]
[WhiteElo "2007"]
[BlackElo "2611"]
[TimeControl "180+1"]
[EndTime "11:50:02 PDT"]
[Termination "albi1999 won by resignation"]

1. e4 e5 2. Nf3 Nc6 3. Bc4 Bc5 4.
b4 Bxb4 5. c3 Be7 6. d4 Na5 7.
Nxe5 Nxc4 8. Nxc4 d5 9. exd5 Nf6 10. Ne3 Nxd5 11. O-O O-O 12. c4 Nf6 13. d5 Ne4 14.
Bb2 Bf6 15. Qc1 Re8 16. Nc3 Nc5 17. Nb5 Bxb2 18. Qxb2 Bd7 19. Nd4 Qf6 20. Rad1 b6 21. Qc1 Re7 22. d6 Re4 23. Nb3 Nxb3 24. axb3 cxd6 25. Qd2 h6 26. Qxd6 Qxd6 27. Rxd6 Be6 28. Rfd1 Re5 29. Nd5 Bxd5 30. R6xd5 Re2 31. h4 Rb2 32. R1d3 a5 33. Rd6 a4 34. bxa4 Rxa4 35. Rf3 Ra7 36. h5 Rc7 37. Rf4 b5 38. Rd8+ Kh7 39.
Rb8 b4 40. c5 b3 41. Rfb4 Rxc5 42. Rxb3 Rc1+ 43. Kh2 Rxf2 44. Re8 Rcc2 45. Rbb8 Rxg2+ 46. Kh1 Rh2+ 47. Kg1 Rxh5 0-1

[Event "*** Titled Tuesday Blitz"]
[Site "Chess.com"]
[Date "2020.04.21"]
[Round "9"]
[White "ahachess"]
[Black "AndrewMaco"]
[Result "0-1"]
[WhiteElo "2380"]
[BlackElo "2560"]
[TimeControl "180+1"]
[EndTime "11:50:02 PDT"]
[Termination "AndrewMaco won on time"]

1. d4 Nf6 2. c4 e6 3. Nf3 d5 4. Qc2 a6 5. cxd5 exd5 6. Nc3 Bd6 7. Bg5 c6 8. e3 Nbd7 9. Bd3 Nf8 10. Ne5 Ne6 11. Bh4 O-O 12. Bxh7+ Kh8 13. Bd3 c5 14. Nf3 cxd4 15. exd4 Nf4 16. O-O Be6 17. Ne5 Qc7 18. Rfe1 Nd7 19. Bg3 Nxe5 20. dxe5 Bxe5 21. Bf5 Rae8 22.
Bxe6 fxe6 23. Qd2 Bd6 24. Rac1 Qf7 25. f3 Bc5+ 26. Kh1 Bd6 27. Rcd1 Bb8 28. Qd4 e5 29. Qb6 e4 30. fxe4 Nxg2 31. Kxg2 Qf3+ 32. Kh3 Bxg3 33.
hxg3 Rf6 34. Qxf6 gxf6 35. Nxd5 Kg7 0-1

[Event "*** Titled Tuesday Blitz"]
[Site "Chess.com"]
[Date "2020.04.21"]
[Round "9"]
[White "mortngabriel"]
[Black "erlesfar"]
[Result "1/2-1/2"]
[WhiteElo "2427"]
[BlackElo "2266"]
[TimeControl "180+1"]
[EndTime "11:50:02 PDT"]
[Termination "Game drawn by repetition"]

1. e4 d5 2. exd5 Qxd5 3. Nc3 Qa5 4. Bc4 Nf6 5. d3 Nc6 6. Bd2 Qe5+ 7. Nge2 Bg4 8. Bf4 Bxe2 9. Nxe2 Qa5+ 10. Qd2 Qxd2+ 11. Bxd2 e6 12. O-O O-O-O 13. Rfe1 Bc5 14. h3 h6 15. Bc3 a6 16. Rad1 Nd4 17. Nxd4 Bxd4 18.
Bxd4 Rxd4 19. c3 Rd6 20. d4 Rhd8 21. Rc1 Nd5 22. Re5 c6 23. Rce1 Nf4 24. g3 Nxh3+ 25. Kg2 Ng5 26. f4 Nh7 27. g4 Nf6 28. Kf3 g6 29.
Rh1 h5 30. g5 Nd5 31. a4 b5 32. Bb3 Kb7 33. a5 Ne7 34. Bc2 Rd5 35. Rhe1 Rxe5 36. fxe5 c5 37. dxc5 Rd2 38. Re2 Rxe2 39. Kxe2 Nc6 40.
Be4 Kc7 41. Bxc6 Kxc6 42. b4 Kd5 43. Ke3 Kc6 44. Ke4 Kc7 45. Kf4 Kb7 46. Ke4 Kc6 47. Kf4 Kd5 48. Ke3 Kc6 49. Ke4 Kc7 50. Kf4 Kc8 51.
Ke4 Kd7 52. Kf4 Kc7 53. Ke4 Kc6 54. Kf4 Kd5 55. Ke3 1/2-1/2

[Event "*** Titled Tuesday Blitz"]
[Site "Chess.com"]
[Date "2020.04.21"]
[Round "9"]
[White "bakki78"]
[Black "AustrianFalcon"]
[Result "0-1"]
[WhiteElo "2770"]
[BlackElo "2643"]
[TimeControl "180+1"]
[EndTime "11:50:03 PDT"]
[Termination "AustrianFalcon won by resignation"]

1. e4 g6 2. d4 Bg7 3. Nc3 d6 4. f4 Nf6 5. Bd3 O-O 6. e5 dxe5 7. dxe5 Nd5 8. Nxd5 Qxd5 9. Qf3 c6 10. Bd2 Bf5 11.
Bxf5 gxf5 12. Qxd5 cxd5 13. Nf3 Nc6 14. O-O-O e6 15.
h3 f6 16. exf6 Bxf6 17. g4 Rae8 18. Rde1 fxg4 19. hxg4 e5 20. fxe5 Nxe5 21. Nxe5 Rxe5 22. Kd1 Rxe1+ 23. Rxe1 Bxb2 24. Bb4 Rf7 25. c3 d4 26. cxd4 Bxd4 27. Re4 Rd7 28. Kc2 Bf6 29. Rf4 Kg7 30.
a3 Kg6 31. Rc4 Be5 32. Bd2 Rc7 33. Rxc7 Bxc7 34. a4 Bd8 35. Kd3 Bg5 36. Bc3 Bf4 37. Ke4 Kg5 38. Kf3 Bd6 39. Bd4 a6 40. Bb6 Bb4 41.
Bd8+ Kg6 42. Bb6 Kf6 43. Ke4 Ke6 44. Bd8 Be7 45. Bb6 Bd6 46. Be3 b5 47. axb5 axb5 48. Bd4 b4 49. Bg7 Be7 50. Kd3 Bf6 51. Bf8 b3 52. Bh6 Be5 53. Be3 Kd5 54. Bh6 b2 55. Kc2 Ke4 56. Bd2 Kf3 57. g5 Kg4 58. Be3 Bf4 59. Bxf4 Kxf4 60. Kxb2 Kxg5 61. Kc2 Kf4 62. Kd2 Kf3 63. Ke1 Kg2 64. Ke2 h5 65. Ke3 h4 0-1

[Event "*** Titled Tuesday Blitz"]
[Site "Chess.com"]
[Date "2020.04.21"]
[Round "9"]
[White "ApacheSVD"]
[Black "ChessicallyInclined"]
[Result "1-0"]
[WhiteElo "2428"]
[BlackElo "2570"]
[TimeControl "180+1"]
[EndTime "11:50:04 PDT"]
[Termination "ApacheSVD won by resignation"]

1. e4 d6 2. d4 Nf6 3. Nc3 g6 4. Be3 c6 5. Nf3 Nbd7 6. Qd2 Qc7 7. Bd3 Bg7 8. h4 h5 9. O-O-O b5 10. Rhe1 b4 11. Ne2 c5 12. e5 dxe5 13. dxe5 Ng4 14. e6 Nde5 15. Bb5+ Bd7 16. exd7+ Kd8 17. Nxe5 Qxe5 18.
c3 Nxe3 19. fxe3 Rb8 20. c4 Rb6 21. Nf4 e6 22. Nd3 Qc7 23. Qf2 Ke7 24. e4 Bd4 25.
Qd2 Qg3 26. Qg5+ Qxg5+ 27. hxg5 e5 28. Kc2 h4 29. Rh1 Rd6 30. Ne1 Rh5 31. Nf3 f6 32.
gxf6+ Rxf6 33. Nxd4 exd4 34. Rdf1 Rd6 35. Rf4 d3+ 36.
Kd2 Rg5 37. Rh2 h3 38. gxh3 Rg1 39. Rhf2 Rb1 40. Rf7+ Ke6 41. R2f6+ Ke5 42. Rxd6 Rxb2+ 43. Kd1 Rb1+ 44. Kd2 Rb2+ 45. Kc1 Rc2+ 46. Kd1 Kxd6 47. d8=Q+ 1-0

[Event "*** Titled Tuesday Blitz"]
[Site "Chess.com"]
[Date "2020.04.21"]
[Round "9"]
[White "aaronmaster123"]
[Black "MateSchmate"]
[Result "0-1"]
[WhiteElo "2306"]
[BlackElo "2461"]
[TimeControl "180+1"]
[EndTime "11:50:04 PDT"]
[Termination "MateSchmate won by checkmate"]

1. d4 c5 2. d5 e5 3. e4 d6 4. Be2 g6 5. Bg4 Bg7 6. Nc3 a6 7. a4 Ne7 8. Bxc8 Qxc8 9. Bg5 f6 10. Be3 O-O 11. h4 h5 12. Qd2 f5 13. Bg5 Qd7 14. Nf3 fxe4 15. Bxe7 Qxe7 16. Nxe4 Nd7 17.
Nfg5 Bh6 18. Qd3 Nf6 19. Ne6 Nxe4 20. Qxe4 Rf6 21. Ra3 Qd7 22. Rhh3 Re8 23. Rhg3 Kh7 24. Raf3 Bf4 25. Kf1 Rexe6 26. dxe6 Rxe6 27. Rxf4 exf4 28.
Qxf4 Qe7 29. Kg1 Re1+ 30. Kh2 Re4 31. Qf3 Rxh4+ 32. Rh3 Qe5+ 33. g3 Rxh3+ 34. Kxh3 Qf5+ 35. Qxf5 gxf5 36. c4 Kg6 37. Kh4 b6 38. b3 Kh6 39.
f4 Kg6 40. Kh3 d5 41. cxd5 b5 42. axb5 axb5 43. Kg2 c4 44. bxc4 b4 45. Kf2 b3 46.
d6 Kf6 47. c5 b2 48. c6 b1=Q 49. d7 Qc2+ 50. Ke3 Ke7 51. Kd4 Qxc6 52. Ke5 Qe4# 0-1

[Event "*** Titled Tuesday Blitz"]
[Site "Chess.com"]
[Date "2020.04.21"]
[Round "9"]
[White "AlanZhang"]
[Black "QueenOfTactics90"]
[Result "0-1"]
[WhiteElo "2145"]
[BlackElo "1949"]
[TimeControl "180+1"]
[EndTime "11:50:04 PDT"]
[Termination "QueenOfTactics90 won by checkmate"]

1. e4 c5 2. Nf3 Nc6 3. d4 cxd4 4. Nxd4 g6 5. c4 Bg7 6. Be3 Nf6 7. Nc3 O-O 8. Be2 d6 9. Qd2 Nxd4 10. Bxd4 Bd7 11.
O-O Bc6 12. f3 a5 13. Rfc1 Nd7 14. Be3 Nc5 15. Rab1 a4 16. b4 axb3 17. axb3 Ra3 18.
Bd1 Qa8 19. b4 Na4 20. Bxa4 Bxa4 21. Nd5 Qe8 22. b5 e6 23. Nb6 Qd8 24. Bf2 Bb3 25. Qb4 Ra2 26. Rxb3 Rxf2 27. Kxf2 Qxb6+ 28. Kf1 Ra8 29.
c5 dxc5 30. Qxc5 Qa5 31. b6 Qa2 32. Qc2 Qa6+ 33. Qe2 Qa4 34. Rd3 Bf8 35. Rdc3 Bb4 36. Rc8+ Rxc8 37. Rxc8+ Kg7 38. Qb2+ Kh6 39. Qc1+ Kg7 40.
Qb2+ Kh6 41. Qc1+ g5 42. Qc2 Qa1+ 43. Kf2 Qe1# 0-1

[Event "*** Titled Tuesday Blitz"]
[Site "Chess.com"]
[Date "2020.04.21"]
[Round "9"]
[White "zivicd"]
[Black "WiktoriaPOL"]
[Result "0-1"]
[WhiteElo "2220"]
[BlackElo "2049"]
[TimeControl "180+1"]
[EndTime "11:50:06 PDT"]
[Termination "WiktoriaPOL won by resignation"]

1. e4 c5 2. Nc3 Nc6 3. g3 g6 4.
Bg2 Bg7 5. d3 e6 6. Be3 d6 7. f4 Nge7 8. Nf3 O-O 9. h4 f5 10.
h5 Qe8 11. hxg6 Qxg6 12. Bf2 Nd4 13. Nxd4 Bxd4 14. Qf3 Bxf2+ 15. Qxf2 Rf7 16. O-O-O Rg7 17. Rh3 a6 18. Rdh1 Rb8 19. Ne2 b5 20. e5 d5 21.
Qxc5 Bb7 22. Qa7 Qe8 23. Rh6 Nc6 24. Qf2 Rc8 25. R1h3 Nb4 26. Nc3 Qd7 27. a3 Nc6 28.
Ne2 b4 29. a4 Na5 30. Kb1 Qxa4 31. Nd4 b3 32. cxb3 Nxb3 33. Nxb3 Qxb3 34. Qd2 a5 35.
Bf3 a4 36. Rxe6 a3 37. Rh2 Rg6 38. Rxg6+ hxg6 39. Rh1 Ba6 40. Be2 a2+ 41. Ka1 Rc2 42. Qxc2 Qxc2 0-1

[Event "*** Titled Tuesday Blitz"]
[Site "Chess.com"]
[Date "2020.04.21"]
[Round "9"]
[White "Milchone1"]
[Black "Algeriano22"]
[Result "0-1"]
[WhiteElo "2486"]
[BlackElo "2621"]
[TimeControl "180+1"]
[EndTime "11:50:07 PDT"]
[Termination "Algeriano22 won by resignation"]

1. Nf3 Nf6 2. c4 g6 3. Nc3 Bg7 4. e4 d6 5. d4 O-O 6. h3 e5 7. dxe5 dxe5 8. Be3 Nbd7 9. Be2 c6 10. c5 Nh5 11.
Qd6 Re8 12. O-O-O Qa5 13. Bc4 Bf8 14. Qd2 Nxc5 15. Ng5 Ne6 16. g4 Nhf4 17. Bxf4 exf4 18. Nxe6 Bxe6 19. Bxe6 Rxe6 20. Qxf4 Bg7 21. Rd7 Rf8 22. Qd2 Bxc3 23. Qxc3 Qxa2 24. Rhd1 Rxe4 25. R7d4 Rxd4 26.
Qxd4 a5 27. h4 a4 28. Rd3 Re8 29. Re3 Rxe3 30. fxe3 Qd5 31. Qxa4 Kg7 32. g5 Qe5 33. Qb3 b5 34. Qd3 h6 35. gxh6+ Kxh6 36. Kc2 f5 37.
Qd8 Qc5+ 38. Kb1 Qe5 39. Kc2 Qe4+ 40. Kd2 Qd5+ 41. Qxd5 cxd5 42. Kd3 Kh5 43. Kd4 Kxh4 44. Kc5 g5 45. Kxb5 g4 46. Kc5 g3 47. b4 g2 48. b5 g1=Q 49. b6 Qxe3+ 50. Kc6 Qxb6+ 51. Kxb6 d4 52. Kc5 d3 53. Kd5 d2 54. Ke5 Kg4 0-1

[Event "*** Titled Tuesday Blitz"]
[Site "Chess.com"]
[Date "2020.04.21"]
[Round "9"]
[White "poliplaza"]
[Black "ChesterF"]
[Result "1-0"]
[WhiteElo "2415"]
[BlackElo "2518"]
[TimeControl "180+1"]
[EndTime "11:50:07 PDT"]
[Termination "poliplaza won by resignation"]

1. d4 Nf6 2. c4 e6 3. Nc3 Bb4 4. Bd2 O-O 5. Nf3 d5 6. e3 b6 7. Be2 Bb7 8. O-O a6 9. Rc1 Bd6 10. Ne5 Nbd7 11. f4 Ne4 12. cxd5 Nxd2 13. Qxd2 exd5 14. Bf3 Nf6 15. g4 Ne4 16. Qc2 Nxc3 17.
Qxc3 Qe7 18. Rfe1 Qe6 19. Nc6 Rfe8 20. Kg2 h5 21. h3 hxg4 22. hxg4 Qf6 23. Ne5 c5 24. Rh1 Rac8 25. g5 Qe7 26. Qd3 g6 27. Nxg6 fxg6 28. Qxg6+ Qg7 29. Qxd6 Rcd8 30. Qxb6 Rxe3 31.
Rh6 Rxf3 32. Rg6 Rd7 33. Rxg7+ Kxg7 34. Kxf3 cxd4 35. Rc7 Rxc7 36. Qxc7+ Kg6 37. Qxb7 1-0

[Event "*** Titled Tuesday Blitz"]
[Site "Chess.com"]
[Date "2020.04.21"]
[Round "9"]
[White "KuzubovYuriy"]
[Black "Alexander_Moskalenko"]
[Result "0-1"]
[WhiteElo "2761"]
[BlackElo "2908"]
[TimeControl "180+1"]
[EndTime "11:50:08 PDT"]
[Termination "Alexander_Moskalenko won on time"]

1. d4 d5 2. c4 e6 3. Nf3 Nf6 4.
Nc3 Bb4 5. Bg5 h6 6. Bxf6 Qxf6 7. Qa4+ Nc6 8. e3 O-O 9. Rd1 Qg6 10. Qb3 dxc4 11. Bxc4 Bd6 12. Bd3 Qxg2 13. Ke2 Qh3 14. Rhg1 Nb4 15. Be4 f5 16. Bb1 b6 17. Nb5 Ba6 18.
Qxe6+ Kh8 19. a4 Rf6 20. Qd7 Rg8 21. Ne5 Bc8 22. Nf7+ Kh7 23. Rxg7+ Kxg7 24. Rg1+ Qg4+ 25. Rxg4+ fxg4 26.
Nfxd6+ Bxd7 27. Ne4 Bxb5+ 28. axb5 Re8 29. Ng3 Rff8 30. e4 Nd5 31. Ba2 Nf4+ 32. Ke3 h5 33. e5 Ne6 34. d5 Nc5 35. e6 Kh6 36. Bb1 Kg5 37. Bc2 h4 38. Ne2 Nxe6 39. dxe6 Rxe6+ 0-1

[Event "*** Titled Tuesday Blitz"]
[Site "Chess.com"]
[Date "2020.04.21"]
[Round "9"]
[White "Lion-Al-Messi"]
[Black "Echecmat"]
[Result "0-1"]
[WhiteElo "2433"]
[BlackElo "2200"]
[TimeControl "180+1"]
[EndTime "11:50:09 PDT"]
[Termination "Echecmat won by resignation"]

1. d4 d5 2. Nf3 e6 3. Nc3 c5 4. e4 dxe4 5. Nxe4 Nc6 6. dxc5 Qxd1+ 7. Kxd1 f5 8. Nd6+ Bxd6 9. cxd6 Kd7 10. Bb5 Nf6 11.
Bf4 g5 12. Ne5+ Kxd6 13. Nc4+ Kc5 14. Bxg5 Ne4 15. Bxc6 Nxf2+ 16. Ke2 Nxh1 17. Bf3 Kxc4 18. Be7 e5 19. Kf1 e4 20. Be2+ Kd5 21. Rd1+ Ke6 22.
Bb4 Kf7 23. Bc4+ Kg6 24. Rd6+ Kg5 25. h4+ Kg4 26. Be2+ Kf4 27. Bd2+ Ke5 28. Rh6 Ng3+ 29. Ke1 Nxe2 30. Kxe2 Rg8 31. Kf2 Be6 32. b3 Rad8 33. Bc1 Rd1 34. Bb2+ Kd5 35. c4+ Kd6 36. Ba3+ Kd7 37.
Rxh7+ Kc6 38. Rh6 Re8 39. h5 Rd2+ 40. Ke3 Rxg2 41. Rf6 Rxa2 42. Bf8 Rh2 43. h6 Rh3+ 44. Kf4 Rxf8 45. Rxf8 Rxh6 46. Kg5 Rh3 47. Rf6 Kd7 48.
Kf4 e3 49. Rg6 e2 50. Rg1 b5 51. Re1 bxc4 52. b4 c3 53. Rxe2 Bb3 54. Re3 Rxe3 55. Kxe3 c2 56. Kd2 f4 57. Kc1 f3 58. Kb2 f2 0-1

[Event "*** Titled Tuesday Blitz"]
[Site "Chess.com"]
[Date "2020.04.21"]
[Round "9"]
[White "WinningButNotReally"]
[Black "quesfr"]
[Result "1-0"]
[WhiteElo "2412"]
[BlackElo "2203"]
[TimeControl "180+1"]
[EndTime "11:50:09 PDT"]
[Termination "WinningButNotReally won on time"]

1. Nf3 d5 2. c4 e6 3. d4 Nf6 4.
g3 Bb4+ 5. Bd2 Bd6 6. Bg5 h6 7. Bxf6 Qxf6 8. Nbd2 c5 9. cxd5 exd5 10. dxc5 Bxc5 11.
Rc1 Qb6 12. e3 O-O 13. Bg2 d4 14. exd4 Re8+ 15. Kf1 Qa6+ 16. Kg1 Bb6 17. a3 Nc6 18.
Nb3 Bg4 19. h3 Bxf3 20. Bxf3 Rad8 21. Bxc6 bxc6 22. Rxc6 Qa4 23. Rc1 f5 24. Kg2 f4 25.
Qf3 fxg3 26. fxg3 Rf8 27. Qd3 Bxd4 28. Rhf1 Bxb2 29. Rxf8+ Rxf8 30. Rc7 Qxa3 31. Qd5+ Kh8 32. h4 Qa2 33. Kh3 Qb1 34. Nd2 Qd1 35. Qd6 Rg8 36.
Ne4 Qh1+ 37. Kg4 Qxe4+ 38. Kh3 Qf5+ 39. Kg2 Be5 40. Qd5 Qf6 41. Qe4 1-0

[Event "*** Titled Tuesday Blitz"]
[Site "Chess.com"]
[Date "2020.04.21"]
[Round "9"]
[White "Indianlad"]
[Black "Sethu0025"]
[Result "1-0"]
[WhiteElo "2989"]
[BlackElo "2825"]
[TimeControl "180+1"]
[EndTime "11:50:10 PDT"]
[Termination "Indianlad won on time"]

1. e4 e5 2. Nf3 Nc6 3. Bb5 Nf6 4. d3 Bc5 5. Nc3 Nd4 6. Ba4 O-O 7. Nxd4 Bxd4 8.
O-O c6 9. Ne2 Bc5 10. Bg5 d5 11. exd5 Qxd5 12. Nc3 Qd6 13. Qf3 Bd4 14. Rae1 h6 15. Be3 Bd7 16. Bb3 Rae8 17. h3 Be6 18.
Qg3 Bxb3 19. axb3 Bxe3 20. fxe3 Re6 21. Rf5 Rfe8 22. Ref1 e4 23. Qxd6 Rxd6 24. d4 a6 25. Ra1 g6 26. Re5 Rde6 27. Rxe6 Rxe6 28. Kf2 Kg7 29. Ra5 h5 30. Kg3 Kh6 31. Kf4 h4 32.
Re5 Nh5+ 33. Kxe4 Rf6 34. Re7 Rf2 35. Rxb7 f5+ 36. Kd3 Rxg2 37. Ne2 Kg5 38. c4 Ng3 39. Nf4 Rxb2 40. d5 cxd5 41. Rb6 dxc4+ 42. Kxc4 Kh6 43. Rxg6+ Kh7 44. Rxa6 Nf1 45. Re6 Rc2+ 46. Kd3 Rb2 47. Kc3 Rb1 48. b4 Re1 49. Kd4 Rd1+ 50. Kc5 Re1 51.
Nd5 f4 52. Nxf4 Nxe3 53. Nd3 Re2 54. b5 Rc2+ 55. Kd4 Nf5+ 56. Ke5 1-0

[Event "*** Titled Tuesday Blitz"]
[Site "Chess.com"]
[Date "2020.04.21"]
[Round "9"]
[White "GM_DarwinLaylo"]
[Black "TERMINATOR_PC"]
[Result "1-0"]
[WhiteElo "2571"]
[BlackElo "2399"]
[TimeControl "180+1"]
[EndTime "11:50:10 PDT"]
[Termination "GM_DarwinLaylo won on time"]

1. c4 e6 2. Nc3 d5 3. d4 c6 4. e3 Nf6 5. Nf3 Nbd7 6. b3 Bd6 7. Bb2 O-O 8. Be2 b6 9. O-O Bb7 10. Qc2 Qe7 11. Rfd1 Rfd8 12. Rac1 Rac8 13. e4 Nxe4 14. Nxe4 dxe4 15. Qxe4 Nf6 16. Qh4 c5 17. Ne5 cxd4 18. Bxd4 Bc5 19. Bf3 Bxd4 20. Rxd4 Rxd4 21. Qxd4 Rd8 22.
Qc3 Ne4 23. Qe3 Qc5 24. Qxc5 bxc5 25. Re1 f5 26. Bxe4 Bxe4 27. f3 Bb7 28. Kf2 Kf8 29. Ke2 Ke7 30. Nd3 Rc8 31. Kd2 g5 32. Kc3 Rc7 33.
a3 a5 34. Re3 Kd6 35. g3 h5 36. f4 g4 37. Re5 Be4 38. Nb2 h4 39. Na4 hxg3 40. hxg3 Rc8 41. Kd2 Rc7 42. Ke3 Bc2 43.
Nc3 Bxb3 44. Nb5+ 1-0

[Event "*** Titled Tuesday Blitz"]
[Site "Chess.com"]
[Date "2020.04.21"]
[Round "9"]
[White "KrakenBeast"]
[Black "Vamostodorecto"]
[Result "0-1"]
[WhiteElo "2365"]
[BlackElo "2484"]
[TimeControl "180+1"]
[EndTime "11:50:11 PDT"]
[Termination "Vamostodorecto won by resignation"]

1. Nf3 d5 2. g3 Nc6 3. Bg2 e5 4. d3 Bg4 5. O-O Qd7 6. c4 d4 7.
a3 f6 8. b4 Bh3 9. e3 Bxg2 10.
Kxg2 h5 11. exd4 Nxd4 12. Bb2 h4 13. Bxd4 hxg3 14. fxg3 Qh3+ 15. Kg1 exd4 16. Qe2+ Ne7 17. Nxd4 O-O-O 18. Ne6 Rxd3 19. Nf4 Rxg3+ 20. hxg3 Qh1+ 21. Kf2 Rh2+ 22. Ke1 Rxe2+ 23. Nxe2 Qe4 24. Nd2 Qe3 25. Rf3 Qe5 26. Rd1 Nf5 27. Nb3 Ne3 28. Rc1 g5 29. Rc3 Nf5 30. Rcd3 g4 31. Rd5 gxf3 32. Rxe5 fxe5 33.
g4 Ne3 34. Kf2 fxe2 35. g5 Nxc4 36. g6 Nxa3 37. Nc5 Bh6 38. Nd3 Kd7 39. Nxe5+ Ke6 40.
Nf7 Bg7 41. Nd8+ Kf6 42. Nxb7 Kxg6 43. Nd8 Bf8 44. Nc6 Kf5 45. Kxe2 Ke6 46. Kd3 Kd5 47. Nxa7 Bxb4 48. Ke3 Bc5+ 0-1

[Event "*** Titled Tuesday Blitz"]
[Site "Chess.com"]
[Date "2020.04.21"]
[Round "9"]
[White "HashtagChess"]
[Black "avocadosheena"]
[Result "0-1"]
[WhiteElo "1658"]
[BlackElo "2117"]
[TimeControl "180+1"]
[EndTime "11:50:11 PDT"]
[Termination "avocadosheena won on time"]

1. e4 c5 2. Nf3 Nc6 3. d4 cxd4 4.
Nxd4 Nf6 5. Nc3 d6 6. g3 e5 7.
Nde2 Be7 8. Bg2 O-O 9. O-O Ng4 10. h3 Nf6 11. Be3 Na5 12. b3 Nc6 13. a4 a5 14. Nd5 Nxd5 15. exd5 Nb4 16. c3 Na6 17. f4 exf4 18. Nxf4 Bf6 19. Rc1 Be5 20. Qh5 g6 21. Qf3 Bf5 22. g4 Bd7 23. Nd3 Bg7 24. Nf2 Nc7 25. Rfd1 Re8 26. Ne4 Qe7 27. Bf4 Be5 28.
Bxe5 Qxe5 29. Nf6+ Kg7 30. Nxd7 Qe7 31. Nf6 Qxf6 32. Qxf6+ Kxf6 33. Rf1+ Kg7 34. c4 Re7 35. Rce1 Rae8 36. Rxe7 Rxe7 37. Kh2 Na6 38. Rf2 Nc5 39. Bf1 Nxb3 40. Rb2 Nc5 41. Rb5 Re4 42. Rxa5 Re3 43.
Kg2 Ra3 0-1

[Event "*** Titled Tuesday Blitz"]
[Site "Chess.com"]
[Date "2020.04.21"]
[Round "9"]
[White "chess4life23"]
[Black "TST2014"]
[Result "0-1"]
[WhiteElo "2416"]
[BlackElo "2598"]
[TimeControl "180+1"]
[EndTime "11:50:12 PDT"]
[Termination "TST2014 won on time"]

1. d4 Nf6 2. c4 g6 3. Nc3 Bg7 4. e4 d6 5. Be2 O-O 6. Nf3 e5 7. O-O Nc6 8. d5 Ne7 9. b4 Nh5 10. c5 Nf4 11. Bc4 h6 12. Ba3 f5 13. Nd2 g5 14. b5 b6 15. cxd6 cxd6 16. Re1 Neg6 17.
exf5 Bxf5 18. Nde4 Nh4 19. Bf1 Rc8 20. Rc1 Rc5 21. Bxc5 bxc5 22. g3 Bxe4 23. Nxe4 Nf3+ 24. Kh1 g4 25. Re3 Ng6 26. Bg2 Nd4 27. Qxg4 Kh7 28. Bh3 Qa5 29. Qh5 Qd8 30. Rf1 Bf6 31. f4 exf4 32. gxf4 Nh4 33. Nxf6+ Qxf6 34. f5 Rg8 35. Re4 Nhf3 36. Rxf3 Nxf3 37. Qxf3 Qa1+ 38. Qf1 Qxa2 39. Qd3 Qa1+ 40. Bf1 Qf6 41. Re6 Qg5 42. f6+ Kh8 0-1

[Event "*** Titled Tuesday Blitz"]
[Site "Chess.com"]
[Date "2020.04.21"]
[Round "9"]
[White "Colombiano07"]
[Black "JoachimMouhamad"]
[Result "1-0"]
[WhiteElo "2239"]
[BlackElo "2348"]
[TimeControl "180+1"]
[EndTime "11:50:12 PDT"]
[Termination "Colombiano07 won on time"]

1. d4 Nf6 2. Bf4 d5 3. e3 c5 4. c3 e6 5. Bd3 Bd6 6. Bg3 O-O 7. Nd2 Qc7 8. Ngf3 Nbd7 9. Bxd6 Qxd6 10. O-O e5 11. dxe5 Nxe5 12. Nxe5 Qxe5 13. Nf3 Qh5 14.
c4 dxc4 15. Bxc4 Bg4 16. Be2 Rfd8 17. Qa4 a6 18. h3 Bd7 19. Qb3 b5 20. Rad1 c4 21. Qc2 Qf5 22. Qc1 Ne4 23. Nd4 Qg6 24. Bf3 Rac8 25. Ne2 Bxh3 26. Nf4 Qf5 27. Nxh3 Nc5 28.
Rxd8+ Rxd8 29. Rd1 Nd3 30. Qc2 Qf6 31. Be2 Ne5 32.
Rxd8+ Qxd8 33. Qd1 Qe7 34. Nf4 h6 35. a3 g6 36. Qd5 Kg7 37. Bf3 Qf6 38. Be4 Ng4 39.
Qd4 g5 40. Qxf6+ Nxf6 41. Nd5 Nxe4 42. Nc7 Nc5 43. Kf1 Nd3 44. Nxa6 Nxb2 45. Nc7 1-0

[Event "*** Titled Tuesday Blitz"]
[Site "Chess.com"]
[Date "2020.04.21"]
[Round "9"]
[White "Trickov"]
[Black "tamarozi99"]
[Result "1-0"]
[WhiteElo "2274"]
[BlackElo "1978"]
[TimeControl "180+1"]
[EndTime "11:50:13 PDT"]
[Termination "Trickov won by checkmate"]

1. d4 Nf6 2. Nf3 g6 3. c4 Bg7 4.
g3 O-O 5. Bg2 d6 6. Nc3 a6 7.
O-O Nc6 8. d5 Na5 9. Nd2 b5 10.
cxb5 axb5 11. Nxb5 Ba6 12. Nc3 Nd7 13. Qc2 Rb8 14.
Rd1 Nc5 15. b3 Bxe2 16. Nxe2 Bxa1 17. Nc3 e6 18. Ba3 Bxc3 19. Qxc3 Nab7 20. b4 Na4 21. Qb3 e5 22. Qxa4 Ra8 23. Qb3 Qf6 24. Ne4 Qe7 25.
Bc1 f6 26. f4 Rfb8 27. Qc2 Nd8 28. a3 Nf7 29. fxe5 Nxe5 30. Bb2 Rf8 31. Rf1 h6 32. Qc3 Kh7 33. h3 Rac8 34. Kh1 c6 35. dxc6 Rxc6 36.
Nxf6+ Rxf6 37. Bxc6 Nxc6 38. Rxf6 Qe4+ 39. Rf3 Qe2 40. Qg7# 1-0

[Event "*** Titled Tuesday Blitz"]
[Site "Chess.com"]
[Date "2020.04.21"]
[Round "9"]
[White "JulAnt"]
[Black "Kosche007"]
[Result "1-0"]
[WhiteElo "2486"]
[BlackElo "2318"]
[TimeControl "180+1"]
[EndTime "11:50:14 PDT"]
[Termination "JulAnt won by resignation"]

1. e4 c6 2. d4 d5 3. Nc3 dxe4 4.
Nxe4 Bf5 5. Ng3 Bg6 6. h4 h6 7.
Nf3 e6 8. h5 Bh7 9. Bd3 Bxd3 10. Qxd3 Nf6 11. Bd2 Be7 12. O-O-O c5 13. Ne4 Qd5 14.
Nxf6+ Bxf6 15. c4 Qd8 16. Bc3 cxd4 17. Nxd4 O-O 18. Kb1 Nc6 19. Nxc6 bxc6 20. Qxd8 Rfxd8 21. Bxf6 gxf6 22. Kc2 Kf8 23. Kc3 c5 24. b3 Ke7 25.
a3 a5 26. Rxd8 Rxd8 27. Rb1 f5 28. b4 axb4+ 29. axb4 cxb4+ 30. Rxb4 Rd1 31. Rb2 Rc1+ 32. Kb4 Kd6 33. Kb5 Rd1 34. Kb6 e5 35. c5+ Ke6 36. c6 Rc1 37. Kb7 e4 38. c7 f4 39.
c8=Q+ Rxc8 40. Kxc8 Kf5 41. Kd7 Kg4 42. Ke7 f5 43. Kf6 e3 44. fxe3 fxe3 45. Kg6 f4 46.
Kxh6 f3 47. gxf3+ Kxf3 48. Kg6 e2 49. Rxe2 Kxe2 50. h6 Kf3 51. h7 Kg4 52. h8=Q 1-0